 Dungeon Sprint DCSS version 0.29-a0-998-g1987434951 (webtiles) character file.

Game seed: 10359188114088824110

1250 tbh1313 the Basher (level 8, -7/139 HPs)
             Began as a Troll Berserker on Aug 5, 2022.
             Was a Priest of Trog.
             Mangled by a demonic crawler (10 damage)
             ... in the Dungeon (Sprint I: "Red Sonja").
             The game lasted 00:02:50 (378 turns).

tbh1313 the Basher (Troll Berserker)                 Turns: 378, Time: 00:02:51

Health: -7/139     AC:  4    Str: 26    XL:     8   Next: 26%
Magic:  7/7        EV: 11    Int:  5    God:    Trog [***...]
Gold:   405        SH:  0    Dex:  9    Spells: 7/7 levels left

rFire   . . .      SeeInvis .   i - +0 giant spiked club
rCold   . . .      Faith    .   (shield currently unavailable)
rNeg    . . .      Spirit   .   a - +0 animal skin
rPois   .          Reflect  .   (helmet restricted)
rElec   .          Harm     .   (no cloak)
rCorr   .          Rampage  .   (gloves unavailable)
Will    ++...      NoTele   +   (boots unavailable)
Stlth   ..........              (no amulet)
HPRegen 2.13/turn               (no ring)
MPRegen 0.10/turn               (no ring)

@: berserking (expiring), strong-willed, regenerating, very quick
A: large, unfitting armour, claws 3, regeneration 1, shaggy fur 1, tough skin 1
a: Renounce Religion, Berserk, Trog's Hand


You were in the Dungeon.
You worshipped Trog.
Trog was most pleased with you.
You visited 1 branch You collected 405 gold pieces.

Inventory:

Hand Weapons
 i - a +0 giant spiked club (weapon)
Armour
 a - a +0 animal skin (worn)
Wands
 h - a wand of quicksilver (8)
Scrolls
 j - a scroll of magic mapping {unknown}
Potions
 b - a potion of curing
 e - 2 potions of magic
 f - a potion of berserk rage


   Skills:
 + Level 9.7 Fighting
 * Level 10.9 Maces & Flails
 + Level 4.9 Armour
 + Level 5.6 Dodging
 - Level 3.0 Unarmed Combat


You had 7 spell levels left.
You didn't know any spells.
Your spell library was empty.

Dungeon Overview and Level Annotations

Branches:
Dungeon (1/1)

Altars:
Cheibriados
Dithmenos
Elyvilon
Fedhas
Gozag
Hepliaklqana
Kikubaaqudgha
Makhleb
Nemelex Xobeh
Okawaru
Qazlal
Ru
Sif Muna
Trog
Uskayaw
Vehumet
Wu Jian
Xom
Yredelemnul
Zin
The Shining One
Jiyva
Lugonu

Shops:
D =


Innate Abilities, Weirdness & Mutations

You are too large for most types of armour.
You have claws for hands.
Your natural rate of healing is unusually fast.
You are covered in fur. (AC +1)
You have tough skin. (AC +1)


Message History

The demonic crawler closely misses you. The demonic crawler hits you.
The demonic crawler hits you!
You barely miss the demonic crawler.
The demonic crawler is moderately wounded.
The demonic crawler shrieks in warning!
The demonic crawler barely misses you.
The demonic crawler hits you but does no damage.
The demonic crawler hits you!
You barely miss the demonic crawler.
The demonic crawler is moderately wounded.
The demonic crawler barely misses you.
The demonic crawler hits you but does no damage.
The demonic crawler closely misses you. x3; The demonic crawler misses you.
You barely miss the demonic crawler.
The demonic crawler is moderately wounded.
The demonic crawler hits you but does no damage.
The demonic crawler hits you. The demonic crawler barely misses you.
A gargoyle comes into view. It is wielding a +0 morningstar.
The demonic crawler shrieks in warning!
You barely miss the demonic crawler.
The demonic crawler is moderately wounded.
The demonic crawler closely misses you. The demonic crawler hits you!
The demonic crawler barely misses you.
The demonic crawler shrieks in warning!
The demonic crawler hits you. The demonic crawler hits you!
The demonic crawler completely misses you.
You barely miss the demonic crawler.
The demonic crawler is moderately wounded.
The demonic crawler hits you!
* * * LOW HITPOINT WARNING * * *
The demonic crawler hits you!
* * * LOW HITPOINT WARNING * * *
The demonic crawler hits you.
* * * LOW HITPOINT WARNING * * *
The demonic crawler barely misses you. The demonic crawler hits you.
* * * LOW HITPOINT WARNING * * *
The demonic crawler hits you!
* * * LOW HITPOINT WARNING * * *
The demonic crawler closely misses you. The demonic crawler hits you!
You die...

##################
.#.)'..#__#..'...#
.'..#..'..'..#..s##+#
'#####'#__####..@ss9#
.#...#.####§?#####s.+
##).##[#~~§§c ##
_##)#_.+~§§§
..†..._#~~§§c
_##_.#+# +### _###+#
##


You could see 4 demonic crawlers and a gargoyle.

Levels and vault maps discovered:
D:        dungeon_sprint_1 [red_sonja_temple_1, red_sonja_temple_small_1]

Notes
Turn   | Place    | Note
-------+----------+-------------------------------------------
     0 | D        | tbh1313 the Troll Berserker began the quest for the Orb.
     0 | D        | Reached XP level 1. HP: 22/22 MP: 0/0
     1 | D        | Noticed Ijyb
    12 | D        | Killed Ijyb
    13 | D        | Reached skill level 5 in Fighting
    13 | D        | Reached XP level 2. HP: 29/35 MP: 1/1
    58 | D        | Noticed an ogre
    63 | D        | Killed an ogre
    64 | D        | Reached XP level 3. HP: 22/48 MP: 2/2
    64 | D        | Reached XP level 4. HP: 26/57 MP: 3/3
   105 | D        | Noticed Sigmund
   113 | D        | Killed Sigmund
   113 | D        | Reached ** piety under Trog
   114 | D        | Reached skill level 7 in Maces & Flails
   114 | D        | Reached XP level 5. HP: 63/63 MP: 4/4
   114 | D        | Reached XP level 6. HP: 72/72 MP: 5/5
   127 | D        | Found an ornate altar of the Wu Jian Council.
   127 | D        | Found a shimmering blue altar of Sif Muna.
   129 | D        | Found a radiant altar of Vehumet.
   155 | D        | Found Pakesk's Jewellery Emporium.
   155 | D        | Found an ancient bone altar of Kikubaaqudgha.
   155 | D        | Found a hazy altar of Hepliaklqana.
   155 | D        | Found a stormy altar of Qazlal.
   155 | D        | Found a hide-covered altar of Uskayaw.
   155 | D        | Found a blossoming altar of Fedhas.
   155 | D        | Found a bloodstained altar of Trog.
   155 | D        | Found an iron altar of Okawaru.
   155 | D        | Found a basalt altar of Yredelemnul.
   155 | D        | Found a glowing golden altar of the Shining One.
   155 | D        | Found a snail-covered altar of Cheibriados.
   155 | D        | Found a sacrificial altar of Ru.
   155 | D        | Found a glowing silver altar of Zin.
   155 | D        | Found a shadowy altar of Dithmenos.
   155 | D        | Found a white marble altar of Elyvilon.
   155 | D        | Noticed a yak
   160 | D        | Killed a yak
   161 | D        | Reached skill level 8 in Maces & Flails
   161 | D        | Found an opulent altar of Gozag.
   162 | D        | Found a sparkling altar of Nemelex Xobeh.
   178 | D        | Found a burning altar of Makhleb.
   178 | D        | Found a viscous altar of Jiyva.
   178 | D        | Found a shimmering altar of Xom.
   178 | D        | Found a corrupted altar of Lugonu.
   178 | D        | Noticed a slime creature
   186 | D        | Killed a slime creature
   187 | D        | Reached skill level 9 in Maces & Flails
   187 | D        | Reached XP level 7. HP: 32/83 MP: 6/6
   251 | D        | Noticed a kobold demonologist
   251 | D        | Noticed a kobold demonologist
   252 | D        | Noticed an ice devil
   254 | D        | Noticed a sun demon
   258 | D        | Noticed a soul eater
   261 | D        | Paralysed by a floating eye for 3 turns
   263 | D        | Noticed a red devil
   269 | D        | Paralysed by a floating eye for 3 turns
   270 | D        | Noticed a soul eater
   280 | D        | Paralysed by a floating eye for 2 turns
   283 | D        | Paralysed by a floating eye for 3 turns
   289 | D        | Paralysed by a floating eye for 3 turns
   292 | D        | Reached *** piety under Trog
   299 | D        | Noticed a hellwing
   299 | D        | Noticed a smoke demon
   301 | D        | Killed a kobold demonologist
   302 | D        | Reached skill level 10 in Maces & Flails
   302 | D        | Reached skill level 5 in Dodging
   304 | D        | Killed a kobold demonologist
   305 | D        | Reached XP level 8. HP: 93/93 MP: 7/7
   352 | D        | Noticed a centaur warrior
   352 | D        | Noticed a centaur warrior
   368 | D        | Noticed a demonic crawler
   368 | D        | Noticed a demonic crawler
   368 | D        | Noticed a demonic crawler
   368 | D        | Noticed a demonic crawler
   376 | D        | Noticed a gargoyle
   378 | D        | HP: 12/139 [demonic crawler (6)]
   378 | D        | HP: 3/139 [demonic crawler (9)]
   378 | D        | Mangled by a demonic crawler

Table legend: (Time is in decaauts)
 A = Elapsed time spent in this place.
 B = Non-inter-level travel time spent in this place.
 C = Inter-level travel time spent in this place.
 D = Time resting spent in this place.
 E = Time spent auto-exploring this place.
 F = Levels seen in this place.
 G = Mean time per level.
                   A        B        C        D        E       F      G
               +--------+--------+--------+--------+--------+-----+--------+
         Total |    419 |    419 |      0 |    188 |      0 |   1 |  419.0 |
       Dungeon |    419 |    419 |      0 |    188 |      0 |   1 |  419.0 |
               +--------+--------+--------+--------+--------+-----+--------+

Top non-repeatable levels by time:
       D: 419 daAuts

Table legend:
 A = Kills in this place as a percentage of kills in entire the game.
 B = Kills by you in this place as a percentage of kills by you in the entire game.
 C = Kills by friends in this place as a percentage of kills by friends in the entire game.
 D = Other kills in this place as a percentage of other kills in the entire game.
 E = Experience gained in this place as a percentage of experience gained in the entire game.
 F = Experience gained in this place divided by the number of levels of this place that you have seen.
                   A       B       C       D       E      F
               +-------+-------+-------+-------+-------+----------------------
         Total | 100.0 | 100.0 |   N/A |   N/A | 100.0 | 1786.0
       Dungeon | 100.0 | 100.0 |   N/A |   N/A | 100.0 | 1786.0
               +-------+-------+-------+-------+-------+----------------------

Action                   |  1- 3 |  4- 6 |  7- 9 || total
-------------------------+-------+-------+-------++-------
Melee: Unarmed           |    13 |       |       ||    13
       Giant spiked club |       |    17 |    32 ||    49
Invok: Berserk           |     2 |     1 |     3 ||     6
       Trog's Hand       |       |       |     3 ||     3
  Use: Potion            |       |       |     2 ||     2
       Scroll            |       |       |     1 ||     1
Armor: Animal skin       |       |     2 |     9 ||    11
Dodge: Dodged            |     2 |     8 |    33 ||    43

Vanquished Creatures
  2 kobold demonologists (D)
  A slime creature (D)
  Sigmund (D)
  A yak (D)
  A floating eye (D)
  An ogre (D)
  A jelly (D)
  Ijyb (D)
9 creatures vanquished.
